 Dungeon Crawl Stone Soup version 0.31-a0-369-g8eba5f6939 (webtiles) character file.

Game seed: 1902221198981885052

37 gelatine the Chopper (level 3, -1/27 HPs)
             Began as a Demonspawn Gladiator on July 28, 2023.
             Killed by nerve-wracking pain
             ... invoked by Jessica
              (10 damage)
             ... on level 2 of the Dungeon.
             The game lasted 00:02:23 (876 turns).

gelatine the Chopper (Demonspawn Gladiator)          Turns: 876, Time: 00:02:24

Health: -1/27      AC:  6    Str: 14 (16) XL:     3   Next: 21%
Magic:  3/3        EV: 12    Int:  6 (9)  God:
Gold:   26         SH:  0    Dex: 13 (14) Spells: 2/2 levels left

rFire   . . .        a - +0 war axe
rCold   . . .        (no shield)
rNeg    . . .        b - +0 leather armour
rPois   .            c - +0 helmet
rElec   .            h - +0 cloak
rCorr   .            (no gloves)
SInv    .            l - +0 pair of boots
Will    .....        (no amulet)
Stlth   +            (no ring)
HPRegen 0.24/turn    (no ring)
MPRegen 0.16/turn

%: no passive effects
@: no status effects
A: magic regeneration, demonic magic 1
a: no special abilities


You were on level 2 of the Dungeon.
You visited 1 branch of the dungeon, and saw 2 of its levels.

You collected 26 gold pieces.

Inventory:

Hand Weapons
 a - a +0 war axe (weapon)
Missiles
 d - 3 throwing nets (quivered)
 e - a javelin
Armour
 b - a +0 leather armour (worn)
 c - a +0 helmet (worn)
 h - a +0 cloak (worn)
 l - a +0 pair of boots (worn)
Jewellery
 k - a ring of wizardry
Talismans
 g - a beast talisman
Potions
 f - 3 potions of curing
 m - 2 potions of brilliance


   Skills:
 + Level 2.3 Fighting
 + Level 3.3 Axes
 + Level 1.8 Throwing
 + Level 0.4 Armour
 + Level 3.1 Dodging


You had 2 spell levels left.
You didn't know any spells.
Your spell library contained the following spells:

 Spells                   Type           Power      Damage    Failure   Level
 Portal Projectile        Hex/Tloc       0%         N/A       88%         3
 Tukima's Dance           Hex            0%         N/A       88%         3
 Iskenderun's Mystic Bla  Conj/Tloc      0%         2d3       99%         4


Dungeon Overview and Level Annotations

Branches:
Dungeon (2/15)

Altars:

Annotations:
D:2 Jessica


Innate Abilities, Weirdness & Mutations

You regenerate magic rapidly.
Spells you cast may paralyse adjacent enemies.


Message History

You slash the bat!
You kill the bat!
You feel a little less clever now. The quokka closely misses you.
You hit the quokka.
You kill the quokka!
Things that are here:
a quokka corpse; a bat corpse Jessica shouts, "I don't like beings like you!"
Jessica barely misses you.
You hit Jessica but do no damage.
Jessica points at you and mumbles some strange words.
Pain shoots through your body! Jessica hits you with a +0 dagger.
You hit Jessica but do no damage. Jessica casts a spell at you.
Pain shoots through your body!
You completely miss Jessica. Jessica hits you with a +0 dagger.
You barely miss Jessica. Jessica closely misses you. x2
You barely miss Jessica. Jessica hits you with a +0 dagger.
* * * LOW HITPOINT WARNING * * *
You hit Jessica.
Jessica is heavily wounded.
Jessica hits you with a +0 dagger.
* * * LOW HITPOINT WARNING * * *
You hit Jessica.
Jessica is severely wounded.
Jessica gestures wildly while chanting.
Jessica blinks!
Jessica is nearby!
Jessica misses you.
You barely miss Jessica.
Jessica is severely wounded.
Jessica gestures wildly while chanting.
Jessica seems to speed up.
You hit Jessica.
Jessica is almost dead.
Jessica barely misses you.
Jessica points at you and mumbles some strange words.
Pain shoots through your body!
You die...

..8.......8....
...............
.8.........8... .
............... .#
..8.......8.... ...
.$......[...@......
...................
#...#####......
#.#<@.†........
.......@#####.####.
#####...# # #....
#.#.# #.#.# #....
###..


You could see Jessica (fast).

Vanquished Creatures
  A dart slug (D:1)
  3 endoplasms (D:1)
  2 goblins (D:1)
  A hobgoblin (D:1)
  4 jackals (D:1)
  A kobold (D:1)
  2 quokkas
  5 ball pythons (D:1)
  6 bats
  2 frilled lizards (D:1)
  5 rats
32 creatures vanquished.

Notes
Turn   | Place    | Note
-------+----------+-------------------------------------------
     0 | D:1      | gelatine the Demonspawn Gladiator began the quest for the
                  | Orb.
     0 | D:1      | Reached XP level 1. HP: 16/16 MP: 1/1
   156 | D:1      | Gained mutation: Spells you cast may paralyse adjacent
                  | enemies. [demonic ancestry]
   156 | D:1      | Reached XP level 2. HP: 19/22 MP: 2/2
   577 | D:1      | Gained mutation: You regenerate magic rapidly. [demonic
                  | ancestry]
   577 | D:1      | Reached XP level 3. HP: 25/27 MP: 3/3
   848 | D:2      | Noticed Jessica
   876 | D:2      | Killed from afar by Jessica

Illustrated notes

Levels and vault maps discovered:
D:1:      heliophobic_arrival_enchanted_forest, layout_basic,
          kennysheep_minor_cross, kennysheep_another_room, minmay_misc_feat_iff,
          chequers_serial_rivers_large_a, minmay_octomino_j4
D:2:      wad_pebble_path, layout_loops_ring, uniq_terence, uniq_natasha,
          uniq_jessica

Skill      XL: |  1  2 |
---------------+-------+-----
Dodging        | 3 |  3.1
Axes           | 3 |  3.3
Fighting       | |  2.3
Throwing       | |  1.8
Armour         | |  0.4

Action                     || total
---------------------------++-------
  Melee: War axe           ||    99
    Use: Potion            ||     3
         Scroll            ||     1
 Armour: Leather armour    ||    47
  Dodge: Dodged            ||    85

Table legend: (Time is in decaauts)
 A = Elapsed time spent in this place.
 B = Non-inter-level travel time spent in this place.
 C = Inter-level travel time spent in this place.
 D = Time resting spent in this place.
 E = Time spent auto-exploring this place.
 F = Levels seen in this place.
 G = Mean time per level.
                   A        B        C        D        E       F      G
               +--------+--------+--------+--------+--------+-----+--------+
         Total |    923 |    899 |     24 |      0 |    598 |   2 |  461.5 |
       Dungeon |    923 |    899 |     24 |      0 |    598 |   2 |  461.5 |
               +--------+--------+--------+--------+--------+-----+--------+

Top non-repeatable levels by time:
     D:1: 889 daAuts
     D:2: 33 daAuts
